 Dungeon Crawl Stone Soup version 0.17-a0-2231-gd80ca38 (webtiles) character file.

6456 Clownie the Protected (level 10, -6/105 HPs)
             Began as a Demonspawn Chaos Knight on Oct 29, 2015.
             Killed by an exploding ball lightning (12 damage)
             ... created by the player character
             ... on level 10 of the Dungeon.
             The game lasted 00:17:53 (9095 turns).

Clownie the Protected (Demonspawn Chaos Knight)     Turns: 9095, Time: 00:17:53

Health: -6/105     AC: 25    Str: 21    XL:     10   Next: 67%
Magic:  9/9        EV:  2    Int: 13    God:    Xom [.*....]
Gold:   415        SH:  0    Dex: 15    Spells: 0 memorised, 9 levels left

rFire  . . .     SeeInvis .     E - +4 dire flail (drain)
rCold  . . .     Clarity  +     (armour currently unavailable)
rNeg   + + +     SustAt   .     (no shield)
rPois  +         Gourm    .     (helmet currently unavailable)
rElec  .         Spirit   .     (cloak currently unavailable)
rCorr  .         Warding  .     (gloves currently unavailable)
rMut   .         NoTele   +     (boots unavailable)
MR     .....                    G - amulet of clarity
Stlth  +++.......               (no ring)
                                r - ring of poison resistance

@: mighty, tree-form (expiring), not resistant to hostile enchantments, fairly
stealthy
A: (talons 0), thin skeletal structure 1, (fire resistance 0), low mp 1,
nightstalker 1, (poison resistance), evolution 1, subdued magic 1
a: Renounce Religion


You were on level 10 of the Dungeon.
You worshipped Xom.
You were a plaything of Xom.
You were not hungry.
You were a tree.
You visited 1 branch of the dungeon, and saw 10 of its levels.

You collected 415 gold pieces.

Inventory:

Hand Weapons
 a - a +0 mace of chaos
 o - a +4 club
 E - a +4 dire flail of draining (weapon)
Armour
 b - a +2 leather armour
 g - a +0 pair of gloves (melded)
 x - a +3 scale mail of magic resistance (melded)
Magical Staves
 A - an uncursed staff of conjuration
Jewellery
 p - an uncursed amulet of rage
 r - a ring of poison resistance (left branch)
 G - an amulet of clarity (around neck)
Wands
 e - a wand of cold (4)
 m - a wand of digging (2)
 w - a wand of slowing (41)
 H - a wand of flame (34)
 O - a wand of slowing (29)
Scrolls
 d - a scroll of silence {unknown}
 f - 8 scrolls of identify
 j - a scroll of noise
 s - a scroll of blinking {unknown}
 t - 3 scrolls of immolation {unknown}
 v - 3 scrolls of remove curse
 y - a scroll of magic mapping {unknown}
 B - a scroll of enchant armour {unknown}
 D - a scroll of teleportation
 J - a scroll of amnesia
 K - a scroll of fear
Potions
 q - a potion of brilliance
 u - 4 potions of curing
 z - a potion of resistance
 F - a potion of lignification
 I - 4 potions of flight
 L - a potion of might
Books
 N - a book of Burglary

   Spells                             Type                      Level
   a - Swiftness                      Charms/Air                   2
   b - Passwall                       Transmutation/Earth          3
   c - Passage of Golubria            Translocation                4
   d - Lee's Rapid Deconstruction     Earth                        5
   e - Darkness                       Hexes                        6
   f - Invisibility                   Hexes                        6
Comestibles
 c - 14 bread rations
 h - 3 meat rations
 k - 3 slices of pizza
 l - 5 fruits
 n - 3 beef jerkies
 M - a chunk of flesh


   Skills:
 - Level 3.0 Fighting
 - Level 10.0 Maces & Flails
 + Level 11.5 Armour
 - Level 0.8 Dodging


You had 9 spell levels left.
You didn't know any spells.

Dungeon Overview and Level Annotations

Branches:
Dungeon (10/15)            Temple (0/1) D:4
   Lair: D:8-11         Orc: D:9-12

Altars:
Ashenzari
Cheibriados
Fedhas
Trog
Xom
Yredelemnul
The Shining One

Shops:
D:9 *(

Annotations:
D:3 aves's ghost, amateur VSFi


Innate Abilities, Weirdness & Mutations

((You have claws for feet.))
You have a somewhat thin skeletal structure (Dex +2, Stealth).
You are slightly more attuned to the shadows.
((Your flesh is heat resistant.))
Your magical capacity is low (-10% MP).
((Your system is resistant to poisons.))
You evolve.
Your spells are a little easier to cast, but a little less powerful.


Message History

You start resting.
Your transformation is almost over.
A yak is nearby!
Tossing away (i - inventory):
i - 2 potions of poison
Press: ? - help, Shift-Dir - straight line, f - yak
Aim: a yak (heavily wounded, lightly drained)
You toss away a potion of poison.
The potion of poison barely misses the yak.
Tossing away (i - inventory):
i - a potion of poison
Press: ? - help, Shift-Dir - straight line, f/p - yak
Aim: a yak (heavily wounded, lightly drained)
You toss away a potion of poison.
The potion of poison hits the yak but does no damage.
The yak is heavily wounded.
Xom guffaws.
You create some ball lightning!
Your ball lightning explodes!
The blast of lightning engulfs you!
You die...
Xom titters!

#....##....#...#
#.>..#####.#.###
#....# #.'...#
###.## #####.#
###.# #...#
###...# #####
#...### ###
##(###### #..
#*♣.....# #..
#........ #..
#.Y.....# #..
#.......# #..
#.......# +..
#.!.....# #..
#.!.....# ..


You could see a yak and a friendly ball lightning.

Vanquished Creatures
  The ghost of Oper80 the Slasher, a novice HEFi of Yredelemnul (D:7)
  A troll (D:9)
  A two-headed ogre (D:9)
  The ghost of Gargoyl the Skirmisher, an amateur DsAK of Lugonu (D:5)
  A boulder beetle (D:8)
  A spriggan (D:7)
  4 yaks (D:10)
  A water moccasin (D:9)
  2 ice beasts
  A phantom (D:9)
  3 orc warriors
  2 sky beasts
  3 ogres
  4 centaurs
  A crocodile (D:8)
  The ghost of aves the Cudgeler, an amateur VSFi (D:5)
  A wyvern zombie (D:10)
  11 giant frogs
  A scorpion (D:8)
  2 giant frog zombies (D:8)
  4 crimson imps
  Ijyb (D:3)
  8 hounds
  10 orc priests
  9 orc wizards
  2 giant frog skeletons
  Jessica (D:2)
  A gnoll shaman (D:7)
  Terence (D:3)
  2 iguanas (D:6)
  9 worker ants
  A killer bee zombie (D:8)
  3 hound zombies
  4 gnolls (D:7)
  A worker ant zombie (D:3)
  13 adders
  4 shadow imps
  2 oozes
  An adder zombie (D:5)
  An adder skeleton (D:7)
  3 worms
  A giant gecko (D:7)
  42 orcs
  9 ball pythons
  4 bats
  5 giant cockroaches
  8 hobgoblins
  7 kobolds
  3 quokkas
  A giant gecko skeleton (D:4)
  7 giant newts
  5 goblins
  12 jackals
  A jackal skeleton (D:6)
  6 rats
235 creatures vanquished.

Vanquished Creatures (collateral kills)
  A troll (D:9)
  Sigmund (D:2)
  A giant gecko (D:2)
3 creatures vanquished.

Grand Total: 238 creatures vanquished

Notes
Turn   | Place    | Note
--------------------------------------------------------------
     0 | D:1      | Clownie the Demonspawn Chaos Knight began the quest for the Orb.
     0 | D:1      | Reached XP level 1. HP: 18/18 MP: 1/1
    86 | D:1      | Gained mutation: You are slightly more attuned to the shadows. [demonic ancestry]
    86 | D:1      | Reached XP level 2. HP: 6/24 MP: 2/2
   277 | D:1      | XOM: harmless Conj miscast
   372 | D:1      | XOM: harmless Summ miscast
   528 | D:1      | XOM: mild Summ miscast
   745 | D:1      | Gained mutation: You have sharp toenails. [demonic ancestry]
   745 | D:1      | Reached XP level 3. HP: 29/29 MP: 3/3
   975 | D:2      | XOM: 4-stop teleportation journey
   987 | D:2      | Noticed Jessica
  1002 | D:2      | Killed Jessica
  1002 | D:2      | Reached skill level 4 in Maces & Flails
  1086 | D:2      | Noticed Sigmund
  1092 | D:2      | XOM: enchant monster (good)
  1096 | D:2      | XOM: swap monsters
  1115 | D:2      | XOM: butterfly on damage
  1398 | D:2      | Killed Sigmund
  1398 | D:2      | Reached skill level 5 in Maces & Flails
  1398 | D:2      | Reached XP level 4. HP: 33/35 MP: 4/4
  1398 | D:2      | Reached XP level 5. HP: 38/41 MP: 5/5
  1467 | D:2      | XOM: god gift: coppery potion
  1858 | D:3      | Noticed Terence
  1859 | D:3      | Noticed aves's ghost (amateur VSFi)
  2088 | D:3      | XOM: torment (21/41 hp)
  2390 | D:3      | XOM: noise
  2401 | D:3      | Killed Terence
  2401 | D:3      | Reached skill level 6 in Maces & Flails
  2692 | D:3      | Gained mutation: You have razor-sharp toenails. [demonic ancestry]
  2692 | D:3      | Reached XP level 6. HP: 38/47 MP: 6/6
  2878 | D:3      | Noticed Ijyb
  2890 | D:3      | Killed Ijyb
  3090 | D:4      | XOM: harmless Conj miscast
  3154 | D:4      | Found a staircase to the Ecumenical Temple.
  3305 | D:4      | Reached skill level 7 in Maces & Flails
  3602 | D:4      | XOM: polymorph orc priest -> centaur
  3614 | D:4      | Reached XP level 7. HP: 29/52 MP: 7/7
  3835 | D:5      | Entered Level 5 of the Dungeon
  3840 | D:5      | Reached skill level 8 in Maces & Flails
  3854 | D:5      | Gained mutation: Scrolls take you a little longer to read. [mutagenic meat]
  3855 | D:5      | Gained mutation: Your mind is acute. (Int +2) [mutagenic meat]
  3856 | D:5      | Gained mutation: Your flesh is cold resistant. [mutagenic meat]
  3857 | D:5      | Gained mutation: You are agile. (Dex +2) [mutagenic meat]
  3858 | D:5      | Lost mutation: Your mind is acute. (Int +2) [mutagenic meat]
  3867 | D:5      | XOM: harmless Hex miscast
  3882 | D:5      | Reached skill level 9 in Maces & Flails
  3882 | D:5      | Reached XP level 8. HP: 20/58 MP: 8/8
  4021 | D:5      | XOM: god gift: runed dire flail {god gift}
  4078 | D:5      | Killed aves's ghost
  4139 | D:5      | XOM: medium Fire miscast
  4207 | D:5      | XOM: medium Chrm miscast
  4225 | D:5      | XOM: medium Necr miscast
  4245 | D:5      | XOM: colour smoke trail
  4452 | D:5      | Noticed Gargoyl's ghost (amateur DsAK)
  4458 | D:5      | XOM: cast spell 'Olgreb's Toxic Radiance'
  4466 | D:5      | Killed Gargoyl's ghost
  4804 | D:5      | XOM: harmless Divn miscast
  4886 | D:6      | XOM: potion effect (might)
  4893 | D:6      | Reached skill level 10 in Maces & Flails
  4948 | D:6      | XOM: confuse monster(s)
  4960 | D:6      | XOM: potion effect (brilliance)
  4962 | D:6      | XOM: confuse monster(s)
  4969 | D:6      | XOM: confuse monster(s)
  5112 | D:6      | Reached skill level 5 in Armour
  5121 | D:6      | Gained mutation: You have claws for feet. [demonic ancestry]
  5121 | D:6      | Reached XP level 9. HP: 21/63 MP: 9/9
  5133 | D:6      | XOM: divination: detect creatures
  5266 | D:6      | XOM: divination: detect creatures
  5905 | D:7      | XOM: god gift: 48 gold pieces
  6067 | D:7      | Noticed Oper80's ghost (novice HEFi)
  6067 | D:7      | XOM: divination: detect items
  6081 | D:7      | XOM: enchant monster (bad)
  6083 | D:7      | Killed Oper80's ghost
  6486 | D:7      | Found a snail-covered altar of Cheibriados.
  6496 | D:7      | Found a bloodstained altar of Trog.
  6496 | D:7      | Found a glowing golden altar of the Shining One.
  6496 | D:7      | Found a blossoming altar of Fedhas.
  6499 | D:7      | Found a shimmering altar of Xom.
  6500 | D:7      | Found a basalt altar of Yredelemnul.
  6690 | D:7      | XOM: harmless Trmt miscast
  6715 | D:8      | XOM: medium Trmt miscast
  6748 | D:8      | XOM: cast spell 'Necromutation'
  7092 | D:8      | XOM: enchant monster (good)
  7097 | D:8      | Gained mutation: You have a somewhat thin skeletal structure (Dex +2, Stealth). [demonic ancestry]
  7097 | D:8      | Reached XP level 10. HP: 68/70 MP: 10/10
  7213 | D:8      | XOM: divination: detect items
  7437 | D:8      | Lost mutation: Scrolls take you a little longer to read. [potion of cure mutation]
  7437 | D:8      | Lost mutation: You are agile. (Dex +2) [potion of cure mutation]
  7437 | D:8      | Lost mutation: Your flesh is cold resistant. [potion of cure mutation]
  7438 | D:8      | Gained mutation: Your spells are a little easier to cast, but a little less powerful. [potion of mutation]
  7438 | D:8      | Gained mutation: Your magical capacity is low (-10% MP). [potion of mutation]
  7438 | D:8      | Gained mutation: You are dopey. (Int -2) [potion of mutation]
  7439 | D:8      | Gained mutation: Your system is resistant to poisons. [potion of mutation]
  7439 | D:8      | Gained mutation: You evolve. [potion of mutation]
  7440 | D:8      | Lost mutation: You are dopey. (Int -2) [potion of mutation]
  7440 | D:8      | Gained mutation: Your flesh is heat resistant. [potion of mutation]
  7764 | D:8      | XOM: medium Divn miscast
  7921 | D:9      | Reached skill level 10 in Armour
  7961 | D:9      | Found Tisirerr's Antique Weapon Boutique.
  8093 | D:9      | XOM: divination: detect creatures
  8158 | D:9      | Found a shattered altar of Ashenzari.
  8160 | D:9      | XOM: summons friendly shadow imp
  8161 | D:9      | XOM: smoke on damage
  8222 | D:9      | XOM: divination: detect creatures
  8276 | D:9      | Found Ynkagan's General Store.
  8436 | D:9      | XOM: noise
  8870 | D:9      | XOM: enchant monster (good)
  8872 | D:9      | Reached skill level 11 in Armour
  8971 | D:10     | Entered Level 10 of the Dungeon
  8981 | D:10     | XOM: confuse monster(s)
  8991 | D:10     | XOM: harmless Air miscast
  9047 | D:10     | XOM: noise
  9067 | D:10     | XOM: enchant monster (good)
  9069 | D:10     | XOM: summons friendly shadow imp
  9074 | D:10     | HP: 4/105 [wyvern zombie (4)]
  9094 | D:10     | XOM: cast spell 'Conjure Ball Lightning'
  9095 | D:10     | Killed by an exploding ball lightning

Vault maps used:
D:1:      scummos_arrival_hexagon
D:2:      uniq_sigmund, uniq_jessica
D:3:      minmay_misc_feat_nine_boxes, uniq_iyjb, uniq_terence
D:4:      minmay_temple_entry_overgrown, first_bread
D:5:      hangedman_minor_gate_pass
D:7:      minitemple, the_bakery
D:8:      boulder_indie
D:9:      ashenzari_altar_1, serial_shops, shop, shop, minmay_misc_feat_iff,
          kennysheep_generic_room_12
D:10:     orc_0_dummy, st_stairs_9

Action                   |  1- 3 |  4- 6 |  7- 9 | 10-12 || total
-------------------------+-------+-------+-------+-------++-------
Melee: Mace              |   114 |   229 |    44 |       ||   387
       Club              |     6 |       |       |       ||     6
       Dire flail        |       |       |   256 |   197 ||   453
Evoke: Wand              |       |       |     1 |       ||     1
  Use: Scroll            |       |     3 |       |     3 ||     6
       Potion            |       |     2 |     9 |     7 ||    18
 Stab: Sleeping          |     7 |     4 |       |     3 ||    14
       Confused          |     1 |       |     2 |       ||     3
       Petrifying        |     1 |       |       |       ||     1
       Distracted        |     1 |       |       |       ||     1
       Petrified         |       |     4 |       |     1 ||     5
       Paralysed         |       |     3 |       |       ||     3
  Eat: Chunk             |       |     8 |    18 |     6 ||    32
